 Dungeon Crawl Stone Soup version 0.29.1-12-g30fa7ad0bf (webtiles) character file.

Game seed: 2537206672604641438

4466 Coaxmetal the Geomancer (level 10, -3/60 HPs)
             Began as a Gargoyle Earth Elementalist on Dec 19, 2022.
             Was a Follower of Vehumet.
             Killed from afar by an efreet (28 damage)
             ... with a fireball
             ... on level 9 of the Dungeon.
             The game lasted 00:15:36 (9758 turns).

Coaxmetal the Geomancer (GrEE)                      Turns: 9758, Time: 00:15:37

Health: -3/60      AC: 17    Str: 12    XL:     10   Next: 37%
Magic:  3/17       EV: 12    Int: 26    God:    Vehumet [*.....]
Gold:   404        SH:  0    Dex: 10    Spells: 11/19 levels left

rFire   . . .      SeeInvis .   x - +1 whip (venom)
rCold   . . .      Faith    .   (no shield)
rNeg    + . .      Spirit   .   G - +0 acid dragon scales
rPois   ∞          Reflect  .   l - +0 helmet
rElec   +          Harm     .   m - +0 cloak
rCorr   +          Rampage  .   (no gloves)
Will    .....                   (no boots)
Stlth   ++........              (no amulet)
HPRegen 0.20/turn               g - +6 ring of intelligence
MPRegen 0.15/turn               (no ring)

@: no status effects
A: sickness immunity, AC +7, negative energy resistance 1, electricity
resistance, torment resistance 1, petrification resistance
a: Renounce Religion


You were on level 9 of the Dungeon.
You worshipped Vehumet.
Vehumet was aware of your devotion.
You visited 2 branches of the dungeon, and saw 11 of its levels.

You collected 404 gold pieces.

Inventory:

Hand Weapons
 x - a +1 whip of venom (weapon)
Missiles
 r - 44 poisoned darts
 u - a throwing net
Armour
 a - a +0 robe
 l - a +0 helmet (worn)
 m - a +0 cloak (worn)
 G - +0 acid dragon scales (worn)
Jewellery
 g - a +6 ring of intelligence (left hand)
 t - an amulet of reflection
Wands
 o - a wand of digging (3)
 y - a wand of flame (42)
 B - a wand of acid (7)
 D - a wand of paralysis (15)
 F - a wand of polymorph (11)
Scrolls
 c - 10 scrolls of identify {unknown}
 f - 2 scrolls of noise
 j - a scroll of amnesia {unknown}
 p - 2 scrolls of teleportation
 q - a scroll of magic mapping {unknown}
 s - 2 scrolls of fear {unknown}
 z - a scroll of fog {unknown}
 A - a scroll of vulnerability {unknown}
 E - a scroll of blinking {unknown}
 H - a scroll of immolation {unknown}
Potions
 b - a potion of magic
 d - 2 potions of flight {unknown}
 e - 8 potions of curing
 h - 5 potions of heal wounds {unknown}
 i - a potion of ambrosia {unknown}
 k - 3 potions of lignification {unknown}
 n - 3 potions of berserk rage {unknown}
 v - 3 potions of mutation {unknown}
 w - a potion of degeneration {unknown}
 C - 2 potions of resistance {unknown}
 I - a potion of attraction {unknown}


   Skills:
 + Level 5.8 Fighting
 * Level 3.3 Maces & Flails
 - Level 5.0 Armour
 - Level 5.0 Dodging
 - Level 5.0 Stealth
 - Level 5.0 Spellcasting
 - Level 4.0 Conjurations
 - Level 4.0 Transmutations
 + Level 8.7 Earth Magic


You had 11 spell levels left.
You knew the following spells:

 Your Spells              Type           Power      Damage    Failure   Level
a - Sandblast             Erth           100%       2d20      1%          1
b - Stone Arrow           Conj/Erth      78%        3d11      2%          3
c - Petrify               Tmut/Erth      39%        N/A       9%          4

Your spell library contained the following spells:

 Spells                   Type           Power      Damage    Failure   Level
 Shock                    Conj/Air       64%        1d7       4%          1
 Passwall                 Tmut/Erth      32%        N/A       1%          2
 Static Discharge         Conj/Air       16%        3-5/arc   8%          2
 Dazzling Flash           Conj/Hex       32%        N/A       14%         3
 Leda's Liquefaction      Hex/Erth       14%        N/A       19%         4
 Call Canine Familiar     Summ           6%         N/A       32%         3
 Portal Projectile        Hex/Tloc       12%        N/A       32%         3
 Tukima's Dance           Hex            6%         N/A       32%         3
 Sticky Flame             Conj/Fire      16%        2d4       43%         4
 Blade Hands              Tmut           13%        N/A       52%         5
 Dispel Undead            Necr           6%         3d8       73%         4
 Agony                    Necr           6%         N/A       97%         5
 Silence                  Hex/Air        3%         N/A       97%         5


Dungeon Overview and Level Annotations

Branches:
Dungeon (10/15)            Temple (1/1) D:7
   Lair: D:8-11         Orc: D:9-12

Altars:
Ashenzari
Cheibriados
Dithmenos
Elyvilon
Fedhas
Gozag
Hepliaklqana
Kikubaaqudgha
Makhleb
Nemelex Xobeh
Okawaru
Qazlal
Sif Muna
Trog
Uskayaw
Vehumet
Wu Jian
Xom
Yredelemnul
Zin

Shops:
D:5 [   D:6 :

Annotations:
D:9 Maggie


Innate Abilities, Weirdness & Mutations

You are immune to sickness and miasma.
Your stone body is resilient. (AC +7)
You are immune to poison.
You resist negative energy. (rN+)
You are resistant to electric shocks. (rElec)
You are resistant to unholy torment.
You are immune to petrification.


Message History

The gnoll sergeant hits you from afar with a +5 spear of venom.
* * * LOW HITPOINT WARNING * * *
Aiming: Sandblast (safe; 1% risk of failure)
Press: ? - help, Q - select action, (/) - cycle Shift-Dir - straight line, f - gnoll sergeant
Aim: a gnoll sergeant, wielding a +5 spear of venom and wearing a +0 ring mail (89% to hit)
The blast of sand misses the gnoll sergeant.
The gnoll sergeant hits you but does no damage.
Aiming: Sandblast (safe; 1% risk of failure)
Press: ? - help, Q - select action, (/) - cycle Shift-Dir - straight line, f/p - gnoll sergeant
Aim: a gnoll sergeant, wielding a +5 spear of venom and wearing a +0 ring mail (89% to hit)
The blast of sand hits the gnoll sergeant!!
You kill the gnoll sergeant!
Vehumet accepts your kill.
You start resting.
An efreet comes into view.
It is wielding a +2 scimitar of flaming.
You start resting.
An efreet is nearby!
A troll comes into view.
The efreet gestures at you. The bolt of fire misses you.
Casting: Sandblast (safe; 1% risk of failure)
Confirm with . or Enter, or press ? or * to list all spells.
Aiming: Stone Arrow (dangerous; 2% risk of failure)
Press: ? - help, Shift-Dir - straight line, f - efreet
Aim: an efreet, wielding a +2 scimitar of flaming (91% to hit)
The stone arrow hits the efreet!
The efreet is lightly wounded.
The troll shouts!
You hear an angry hiss.
You hear a shout!
Aiming: Sandblast (safe; 1% risk of failure)
Press: ? - help, Q - select action, (/) - cycle Shift-Dir - straight line, f/p - efreet
Aim: an efreet, wielding a +2 scimitar of flaming (lightly wounded, 95% to hit)
The blast of sand misses the efreet.
Aiming: Sandblast (safe; 1% risk of failure)
Press: ? - help, Q - select action, (/) - cycle Shift-Dir - straight line, f/p - efreet
Aim: an efreet, wielding a +2 scimitar of flaming (lightly wounded, 95% to hit)
The blast of sand hits the efreet!
The efreet is moderately wounded.
The efreet gestures at you.
The fireball explodes!
The fireball engulfs you!!
You die...

# ### ##
#.#.#.###.####.#
..............######
.. #..○R.@....... #
#. #.°####..#####
#.#.####..## ..#
###..........# ..#
...).....#...###..###
##.#.#R(#..).....T..
.. ######......... #
#......... #.........


You could see a troll and an efreet.

Vanquished Creatures
  Pikel (D:7)
  Sigmund (D:2)
  A shadow (D:9)
  2 wraiths
  Eustachio (D:6)
  2 wyverns
  2 acid dragons
  2 black bears
  2 ice beasts
  An orc warrior (D:9)
  2 ogres (D:5)
  2 centaurs
  A lemure (D:7)
  6 kobold brigands
  A necrophage (D:5)
  2 gnoll sergeants (D:9)
  5 wights
  4 scorpions
  3 howler monkeys
  3 jellies
  3 orc priests
  2 hounds (D:7)
  A gnoll bouda (D:5)
  Terence (D:2)
  Jessica (D:2)
  An iguana (D:5)
  6 orc wizards
  11 gnolls
  4 adders
  A white imp (D:7)
  3 ufetubi
  A dart slug (D:1)
  24 orcs
  6 ball pythons
  4 bats
  7 endoplasms
  A giant cockroach (D:2)
  5 goblins
  5 hobgoblins
  2 jackals (D:4)
  6 quokkas
  4 frilled lizards
  24 kobolds
  7 rats
174 creatures vanquished.

Vanquished Creatures (others)
  A plant (D:9)
1 creature vanquished.

Grand Total: 175 creatures vanquished

Notes
Turn   | Place    | Note
-------+----------+-------------------------------------------
     0 | D:1      | Coaxmetal the Gargoyle Earth Elementalist began the quest
                  | for the Orb.
     0 | D:1      | Reached XP level 1. HP: 10/10 MP: 3/3
   195 | D:1      | Reached XP level 2. HP: 15/15 MP: 3/5
   237 | D:1      | Reached skill level 4 in Earth Magic
   807 | D:1      | Reached XP level 3. HP: 19/19 MP: 4/6
  1101 | D:2      | Noticed Sigmund
  1110 | D:2      | Learned a level 3 spell: Stone Arrow
  1339 | D:2      | Noticed Jessica
  1343 | D:2      | Killed Jessica
  1344 | D:2      | Reached skill level 1 in Conjurations
  1344 | D:2      | Reached XP level 4. HP: 24/24 MP: 5/7
  1563 | D:2      | Killed Sigmund
  1564 | D:2      | Reached skill level 6 in Earth Magic
  1564 | D:2      | Reached XP level 5. HP: 28/28 MP: 5/8
  1564 | D:2      | Reached XP level 6. HP: 32/32 MP: 5/9
  1645 | D:2      | Noticed Terence
  1652 | D:2      | Killed Terence
  3315 | D:4      | Found a white marble altar of Elyvilon.
  3349 | D:4      | Found an ornate altar of the Wu Jian Council.
  3388 | D:4      | Noticed a black bear
  3436 | D:4      | Killed a black bear
  3437 | D:4      | Reached skill level 5 in Stealth
  3437 | D:4      | Reached skill level 7 in Earth Magic
  3437 | D:4      | Reached XP level 7. HP: 36/36 MP: 3/10
  3722 | D:5      | Entered Level 5 of the Dungeon
  4126 | D:5      | Reached skill level 8 in Earth Magic
  4220 | D:5      | Found Aschor's Armour Shop.
  4232 | D:5      | Reached skill level 1 in Fighting
  4310 | D:5      | Learned a level 4 spell: Petrify
  4345 | D:5      | Found a shimmering blue altar of Sif Muna.
  4433 | D:5      | Reached skill level 1 in Transmutations
  4499 | D:5      | Reached XP level 8. HP: 44/44 MP: 9/11
  5715 | D:6      | Found Neczevap's Book Emporium.
  5811 | D:6      | Noticed Eustachio
  5815 | D:6      | Killed Eustachio
  6031 | D:6      | Reached XP level 9. HP: 52/52 MP: 5/12
  6364 | D:6      | Reached skill level 5 in Dodging
  6621 | D:7      | Found a staircase to the Ecumenical Temple.
  6659 | D:7      | Noticed a +0 short sword
  6659 | D:7      | Noticed a +0 spear
  6660 | D:7      | Noticed a +0 falchion
  6660 | D:7      | Noticed a +0 short sword
  6662 | D:7      | Noticed a +0 falchion
  6662 | D:7      | Noticed a +0 spear
  6662 | D:7      | Noticed a +0 dagger
  6662 | D:7      | Noticed a +0 dagger
  6677 | D:7      | Found a hide-covered altar of Uskayaw.
  6725 | Temple   | Entered the Ecumenical Temple
  6932 | Temple   | Became a worshipper of Vehumet
  7095 | D:7      | Reached skill level 5 in Fighting
  7269 | D:7      | Noticed Pikel
  7281 | D:7      | Killed Pikel
  7733 | D:8      | Found an ancient bone altar of Kikubaaqudgha.
  7765 | D:8      | Reached skill level 5 in Spellcasting
  7851 | D:8      | Reached skill level 1 in Armour
  7987 | D:8      | Found a stormy altar of Qazlal.
  8201 | D:8      | Reached * piety under Vehumet
  8201 | D:8      | Offered knowledge of Shock by Vehumet.
  8297 | D:8      | Reached XP level 10. HP: 56/59 MP: 10/17
  8771 | D:9      | Reached skill level 1 in Maces & Flails
  8771 | D:9      | Reached skill level 5 in Armour
  9478 | D:9      | Noticed Maggie
  9481 | D:9      | Noticed a manticore
  9488 | D:10     | Entered Level 10 of the Dungeon
  9591 | D:9      | Noticed a two-headed ogre
  9597 | D:9      | Noticed an eight-headed hydra
  9758 | D:9      | Killed from afar by an efreet

Illustrated notes

Levels and vault maps discovered:
D:1:      dpeg_arrival_court, layout_loops_ring
D:2:      layout_rooms, hex_intersection, minivault_27, uniq_terence,
          uniq_jessica, uniq_sigmund
D:3:      layout_loops_ring, minmay_fractal_squares_gapless_5
D:4:      layout_loops_cross, mainiacjoe_overflow_big_doors,
          corexii_checkpoint_a
D:5:      layout_basic, mainiacjoe_overflow_alcove_2, serial_shops, shop,
          supply_closet_lemuel
D:6:      layout_loops_ring, serial_shops, shop, uniq_eustachio
D:7:      layout_rooms, nicolae_uskayaw_en_pointe, minmay_temple_entry_mist,
          chequers_hall_statues_corner_a, interstate_on_off, uniq_pikel
D:8:      nicolae_cairo_tiling_large, layout_loops_ring,
          mainiacjoe_overflow_six_doors_small, lemuel_crystal_altar
D:9:      cheibrodos_ideogram_h, layout_basic, nicolae_ru_the_path_less_chosen,
          uniq_psyche, uniq_maggie
D:10:     layout_basic, nicolae_tso_carved_into_rock,
          due_lair_maze_entry_diamond
Temple:   nicolae_temple_bog_church

Skill      XL: |  1  2  3  4  5  6  7  8  9 10 |
---------------+-------------------------------+-----
Earth Magic    | 4 6 7 8 |  8.7
Stealth        | 3 4 5 |  5.0
Conjurations   | 1 2 3 4 |  4.0
Fighting       | 1 3 5 |  5.8
Dodging        | 2 4 5 |  5.0
Transmutations | 1 2 4 |  4.0
Spellcasting   | 5 |  5.0
Armour         | 4 5 |  5.0
Maces & Flails | 3 |  3.3

Action                   |  1- 3 |  4- 6 |  7- 9 | 10-12 || total
-------------------------+-------+-------+-------+-------++-------
Melee: Unarmed           |     1 |       |       |       ||     1
       Spear             |     1 |     5 |       |       ||     6
       Whip              |       |       |    18 |    28 ||    46
       Punch             |       |       |       |     1 ||     1
 Cast: Sandblast         |    43 |    56 |    94 |    29 ||   222
       Stone Arrow       |       |     5 |    41 |    20 ||    66
       Petrify           |       |       |     1 |     4 ||     5
  Use: Potion            |       |       |       |     4 ||     4
       Scroll            |       |       |       |     2 ||     2
 Stab: Petrified         |       |       |     6 |    13 ||    19
       Distracted        |       |       |       |     1 ||     1
Armor: Robe              |     2 |     7 |    20 |       ||    29
       Acid dragon scale |       |       |     4 |    42 ||    46
Dodge: Dodged            |     7 |    12 |    42 |    31 ||    92
